 Dungeon Crawl Stone Soup version 0.29.1-12-g30fa7ad0bf (webtiles) character file.

Game seed: 7578787498351786500

739 wormed the Shooter (level 7, 0/60 HPs)
             Began as a Minotaur Hunter on Dec 27, 2022.
             Slain by a gnoll bouda
             ... wielding a +0 club
              (2 damage)
             ... on level 5 of the Dungeon.
             The game lasted 00:06:42 (3709 turns).

wormed the Shooter (Minotaur Hunter)                Turns: 3709, Time: 00:06:42

Health: 0/60       AC:  8    Str: 16    XL:     7   Next: 46%
Magic:  6/6        EV:  6    Int:  6    God:
Gold:   272        SH:  0    Dex: 15    Spells: 6/6 levels left

rFire   + . .      SeeInvis .   a - +0 shortbow
rCold   . . .      Faith    .   (shield currently unavailable)
rNeg    . . .      Spirit   .   l - +3 ring mail {rF+}
rPois   .          Reflect  .   (helmet restricted)
rElec   .          Harm     .   (no cloak)
rCorr   .          Rampage  .   (no gloves)
Will    .....                   (no boots)
Stlth   +.........              (no amulet)
HPRegen 0.20/turn               (no ring)
MPRegen 0.10/turn               (no ring)

@: weakened, attractive, held
A: horns 2, retaliatory headbutt
a: no special abilities


You were on level 5 of the Dungeon.
You visited 1 branch of the dungeon, and saw 5 of its levels.

You collected 272 gold pieces.

Inventory:

Hand Weapons
 a - a +0 shortbow (weapon)
Armour
 c - a +0 leather armour
 l - a +3 ring mail of fire resistance (worn)
Wands
 s - a wand of light (10)
Scrolls
 b - a scroll of immolation
 d - 3 scrolls of noise {unknown}
 f - 4 scrolls of teleportation {unknown}
 i - 3 scrolls of fear {unknown}
 k - 2 scrolls of vulnerability {unknown}
 n - a scroll of acquirement {unknown}
 o - a scroll of magic mapping {unknown}
 q - 2 scrolls of identify {unknown}
Potions
 e - a potion of haste
 g - 4 potions of curing {unknown}
 h - a potion of attraction
 j - a potion of mutation {unknown}
 m - a potion of brilliance {unknown}
 p - a potion of ambrosia {unknown}
 r - 2 potions of heal wounds {unknown}


   Skills:
 + Level 4.4 Fighting
 * Level 7.9 Ranged Weapons
 - Level 4.0 Armour
 - Level 4.0 Dodging
 - Level 1.0 Stealth


You had 6 spell levels left.
You didn't know any spells.
Your spell library contained the following spells:

 Spells                   Type           Power      Damage    Failure   Level
 Malign Gateway           Summ/Tloc      0%         N/A       100%        7
 Summon Horrible Things   Summ           0%         N/A       100%        8


Dungeon Overview and Level Annotations

Branches:
Dungeon (5/15)
 Temple: D:4-7

Altars:
Fedhas
Kikubaaqudgha
Wu Jian

Shops:
D:1 :


Innate Abilities, Weirdness & Mutations

You have a pair of horns on your head.
You reflexively headbutt those who attack you in melee.


Message History

You cannot shoot with your shortbow while held in a net.
You struggle against the net.
The gnoll hits you from afar with a +0 halberd.
The gnoll hits you but does no damage.
You struggle against the net.
Your attacks no longer feel as feeble.
The gnoll hits you from afar with a +0 halberd.
The gnoll hits you from afar with a +0 vorpal spear.
You struggle against the net.
The jelly quivers.
The gnoll hits you from afar with a +0 halberd!
The gnoll hits you from afar with a +0 vorpal spear.
The gnoll hits you with a +0 flail.
The gnoll bouda hits you but does no damage.
You struggle against the net.
The gnoll barely misses you. The gnoll hits you but does no damage.
The gnoll barely misses you. You furiously retaliate!
You headbutt the gnoll!
The gnoll bouda hits you but does no damage.
You shred the net and break free!
The gnoll hits you from afar with a +0 halberd!
* * * LOW HITPOINT WARNING * * *
The gnoll barely misses you. x2; The gnoll bouda barely misses you.
The gnoll hits you from afar with a +0 halberd!
* * * LOW HITPOINT WARNING * * *
The gnoll hits you but does no damage. The gnoll closely misses you.
The gnoll bouda barely misses you.
The gnoll throws a throwing net.
The throwing net hits you.
You become entangled in the net!
The gnoll bouda gazes fiercely through you!
You feel your attacks grow feeble.
You see here a throwing net.
You tear a large gash into the net.
The gnoll hits you from afar with a +0 halberd.
* * * LOW HITPOINT WARNING * * *
It was a potion of attraction.
You feel attractive to monsters.
The gnoll hits you from afar with a +0 halberd.
* * * LOW HITPOINT WARNING * * *
The gnoll bouda hits you with a +0 club.
You die...

#..## #.....#
#..# #.....#
..## ###...#
..# #...## ..#
##...# .##
#...## .#
##...## . .#
#...g#####....
.>#
##..@g........
#...#
#...##g#######
#.....
#...###)..#
[.... ....#
J..... #....
#...# .....<..
...# ##..
..........#
.## ##
.^.........#
.............


You could see a gnoll bouda and 2 gnolls.

Vanquished Creatures
  An ogre (D:4)
  2 phantoms
  A bullfrog (D:4)
  A scorpion (D:4)
  2 hounds
  2 jellies
  An orc priest (D:5)
  Ijyb (D:3)
  An orc wizard (D:5)
  Robin (D:2)
  6 gnolls
  2 adders
  A worm (D:2)
  3 dart slugs
  9 orcs
  5 endoplasms
  4 giant cockroaches
  12 goblins
  11 hobgoblins
  5 quokkas
  3 ball pythons
  5 bats
  A frilled lizard (D:2)
  9 kobolds
  2 rats
91 creatures vanquished.

Vanquished Creatures (others)
  2 plants (D:3)
2 creatures vanquished.

Grand Total: 93 creatures vanquished

Notes
Turn   | Place    | Note
-------+----------+-------------------------------------------
     0 | D:1      | wormed the Minotaur Hunter began the quest for the Orb.
     0 | D:1      | Reached XP level 1. HP: 18/18 MP: 0/0
   218 | D:1      | Reached skill level 1 in Stealth
   218 | D:1      | Reached XP level 2. HP: 25/25 MP: 1/1
   355 | D:1      | Found Vosch's Vocational Training.
   587 | D:1      | Reached skill level 1 in Armour
   676 | D:1      | Found a faded altar of an unknown god.
   998 | D:2      | Reached XP level 3. HP: 30/30 MP: 2/2
  1325 | D:2      | Noticed Robin
  1336 | D:2      | Killed Robin
  1337 | D:2      | Reached skill level 5 in Ranged Weapons
  1608 | D:2      | Reached XP level 4. HP: 38/38 MP: 3/3
  1743 | D:3      | Found an ornate altar of the Wu Jian Council.
  1804 | D:3      | Found a blossoming altar of Fedhas.
  1807 | D:3      | Found an ancient bone altar of Kikubaaqudgha.
  1816 | D:3      | Noticed Ijyb
  1884 | D:3      | Killed Ijyb
  2648 | D:4      | Noticed an ogre
  2653 | D:4      | Killed an ogre
  2654 | D:4      | Reached XP level 5. HP: 46/46 MP: 4/4
  2786 | D:4      | Noticed a phantom
  2796 | D:4      | Killed a phantom
  2797 | D:4      | Reached skill level 6 in Ranged Weapons
  2797 | D:4      | Reached XP level 6. HP: 52/52 MP: 5/5
  3163 | D:4      | Reached skill level 7 in Ranged Weapons
  3163 | D:4      | Reached XP level 7. HP: 58/59 MP: 6/6
  3240 | D:5      | Entered Level 5 of the Dungeon
  3709 | D:5      | HP: 2/60 [gnoll/+0 halberd[a gnoll bouda] (5)]
  3709 | D:5      | Slain by a gnoll bouda

Illustrated notes

Levels and vault maps discovered:
D:1:      sevenhm_arrival_forest_fort_large_4, layout_basic,
          hellmonk_ecumenical_altar_pennies_from_heaven, st_stairs_12,
          nicolae_shop_vocational
D:2:      layout_loops_cross, kennysheep_crisscross, minmay_misc_feat_doors,
          minmay_nonomino_d4, uniq_robin
D:3:      layout_rooms, grunt_temple_overflow_growth_and_decay,
          nicolae_wu_jian_wuxing_cycle, serial_forest, infiniplex_forest_pool,
          infiniplex_forest_lined_room_2, infiniplex_forest_join,
          infiniplex_forest_clump_large, infiniplex_forest_lined_room_3,
          infiniplex_forest_end_2, infiniplex_forest_straight_4, uniq_ijyb
D:4:      layout_gridville, glass_columns_a
D:5:      layout_cave_pods

Skill      XL: |  1  2  3  4  5  6  7 |
---------------+----------------------+-----
Stealth        | 1 |  1.0
Armour         | 1 2 3 4 |  4.0
Fighting       | 3 4 |  4.4
Ranged Weapons | 5 6 7 |  7.9
Dodging        | 3 4 |  4.0

Action                   |  1- 3 |  4- 6 |  7- 9 || total
-------------------------+-------+-------+-------++-------
Melee: Shortbow          |       |     7 |       ||     7
       Headbutt          |       |     2 |       ||     2
 Fire: Shortbow          |   114 |   118 |    68 ||   300
  Use: Potion            |       |       |     1 ||     1
Armor: Leather armour    |    11 |       |       ||    11
       Ring mail         |       |    42 |    36 ||    78
Dodge: Dodged            |    35 |    64 |    23 ||   122
